 Dungeon Crawl Stone Soup version 0.27-a0-550-ge92ec0ca06 (webtiles) character file.

Game seed: 7543918612561620300

43 jasper the Gusty (level 3, -4/19 HPs)
             Began as a Tengu Air Elementalist on Mar 7, 2021.
             Slain by an orc priest
             ... wielding a +0 vorpal hand axe
              (5 damage)
             ... on level 3 of the Dungeon.
             The game lasted 00:03:22 (1480 turns).

jasper the Gusty (Tengu Air Elementalist)           Turns: 1480, Time: 00:03:22

Health: -4/19      AC:  3    Str:  8    XL:     3   Next: 58%
Magic:  2/7        EV: 12    Int: 16    God:
Gold:   67         SH:  0    Dex: 14    Spells: 3/6 levels left

rFire    . . .     SeeInvis .   c - +0 club
rCold    . . .     Faith    .   (no shield)
rNeg     . . .     Spirit   .   a - +1 robe
rPois    .         Reflect  .   (helmet restricted)
rElec    .         Harm     .   (no cloak)
rCorr    +         Rampage  .   (no gloves)
Will     .....                  (boots unavailable)
Stlth    ++........             (no amulet)
HPRegen  0.06/turn              f - ring of resist corrosion
MPRegen  0.10/turn              (no ring)

@: no status effects
A: beak, talons 3
a: no special abilities


You were on level 3 of the Dungeon.
You visited 1 branch of the dungeon, and saw 3 of its levels.

You collected 67 gold pieces.

Inventory:

Hand Weapons
 c - a +0 club (weapon)
Missiles
 b - 22 bolts
Armour
 a - a +1 robe (worn)
Jewellery
 f - a ring of resist corrosion (left hand)
Scrolls
 e - a scroll of identify
 g - a scroll of enchant weapon


   Skills:
 - Level 2.1 Dodging
 - Level 2.0 Stealth
 - Level 2.0 Spellcasting
 + Level 3.3 Conjurations
 + Level 5.1 Air Magic


You had 3 spell levels left.
You knew the following spells:

 Your Spells              Type           Power      Damage    Failure   Level
a - Shock                 Conj/Air       60%        1d6       3%          1
b - Swiftness             Air            17%        N/A       3%          2

Your spell library contained the following spells:

 Spells                   Type           Power      Damage    Failure   Level
 Static Discharge         Conj/Air       15%        N/A       11%         3
 Airstrike                Air            8%         N/A       26%         4
 Lightning Bolt           Conj/Air       7%         1d20      71%         5


Dungeon Overview and Level Annotations

Branches:
Dungeon (2/15)

Altars:

Annotations:
D:3 1 transporter, Grinder; Sabo's ghost, amateur NaBe


Innate Abilities, Weirdness & Mutations

You have a beak for a mouth.
You have claws for feet.


Message History

The zap hits the orc.
The orc is heavily wounded.
The zap hits the dart slug.
The dart slug is almost dead.
The jackal bites you.
* * * LOW HITPOINT WARNING * * *
You take 1 damage, and have 1/19 hp.
You now have 5/7 mp.
Casting: Shock (safe; 3% risk of failure)
Confirm with . or Enter, or press ? or * to list all spells.
Aiming: Shock (safe; 3% risk of failure)
Press: ? - help, Shift-Dir - straight line The zap hits the orc.
The orc is severely wounded.
The zap hits the dart slug.
You kill the dart slug!
The jackal closely misses you. x2; The orc barely misses you.
You now have 4/7 mp.
Casting: Shock (safe; 3% risk of failure)
Confirm with . or Enter, or press ? or * to list all spells.
Aiming: Shock (safe; 3% risk of failure)
Press: ? - help, Shift-Dir - straight line The zap hits the orc.
You kill the orc!
The zap hits the orc priest.
The orc priest is lightly wounded.
The zap hits the orc wizard.
The orc wizard is lightly wounded.
The jackal barely misses you.
You now have 3/7 mp.
Casting: Shock (safe; 3% risk of failure)
Confirm with . or Enter, or press ? or * to list all spells.
Aiming: Shock (safe; 3% risk of failure)
Press: ? - help, Shift-Dir - straight line The zap hits the orc priest.
The orc priest is heavily wounded.
The zap hits the orc.
The orc is almost dead.
The jackal closely misses you.
The orc priest hits you with a +0 vorpal hand axe.
You die...

#### # ### #.. #.# #.#
### ## #.# #.# .. #.#
#.#########o#.#..
..######.##.h5hh@oo†r...
?.).§.......######.#....
########..### .. . #
#..# #.. # #..# .. #
#..# . # #..# #..# #...


You could see Grinder, an orc priest, an orc wizard, an orc, a quokka and 3
jackals.

Vanquished Creatures
  A dart slug (D:3)
  2 orcs (D:3)
  5 bats (D:1)
  3 giant cockroaches (D:1)
  4 hobgoblins (D:1)
  13 jackals (D:1)
  A frilled lizard (D:1)
  2 kobolds (D:1)
  A rat (D:1)
32 creatures vanquished.

Notes
Turn   | Place    | Note
-------+----------+-------------------------------------------
     0 | D:1      | jasper the Tengu Air Elementalist began the quest for the
                  | Orb.
     0 | D:1      | Reached XP level 1. HP: 10/10 MP: 4/4
   114 | D:1      | Reached XP level 2. HP: 12/15 MP: 1/6
   740 | D:1      | Reached XP level 3. HP: 19/19 MP: 3/7
  1262 | D:1      | Reached skill level 5 in Air Magic
  1274 | D:1      | Learned a level 2 spell: Swiftness
  1403 | D:2      | You fall into a shaft and drop 1 floor!
  1409 | D:3      | Noticed Grinder
  1441 | D:3      | Found a transporter.
  1442 | D:3      | Noticed Sabo's ghost (amateur NaBe)
  1480 | D:3      | Slain by an orc priest

Illustrated notes

Levels and vault maps discovered:
D:1:      lightli_iron_boxes, layout_loops_cross, dk_noncrumbling_3
D:2:      layout_basic, nicolae_overflow_crystal_walls, uniq_terence
D:3:      layout_loops_ring, grunt_temple_overflow_gold_and_silver,
          nicolae_overflow_hidden_temple, gammafunk_ghost_mausoleum,
          dk_noncrumbling_4, uniq_grinder

Skill      XL: |  1  2  3 |
---------------+----------+-----
Conjurations   | 2 3 |  3.3
Air Magic      | 5 |  5.1
Dodging        | |  2.1
Stealth        | |  2.0
Spellcasting   | |  2.0

Action                   || total
-------------------------++-------
Melee: Unarmed           ||     6
       Club              ||    20
       Peck              ||     2
       Kick              ||     4
 Cast: Shock             ||    56
  Use: Scroll            ||     2
Armor: Robe              ||    12
Dodge: Dodged            ||    41

Table legend: (Time is in decaauts)
 A = Elapsed time spent in this place.
 B = Non-inter-level travel time spent in this place.
 C = Inter-level travel time spent in this place.
 D = Time resting spent in this place.
 E = Time spent auto-exploring this place.
 F = Levels seen in this place.
 G = Mean time per level.
                   A        B        C        D        E       F      G
               +--------+--------+--------+--------+--------+-----+--------+
         Total |   1484 |   1460 |     24 |    469 |    752 |   3 |  494.7 |
       Dungeon |   1484 |   1460 |     24 |    469 |    752 |   3 |  494.7 |
               +--------+--------+--------+--------+--------+-----+--------+

Top non-repeatable levels by time:
     D:1: 1391 daAuts
     D:3: 76 daAuts
     D:2: 16 daAuts
